 Dungeon Crawl Stone Soup version 0.30-a0-54-g2e61a25929 (webtiles) character file.

Game seed: 6043575290337073415

556 Gentlefood the Digger (level 7, -1/47 HPs)
             Began as a Formicid Earth Elementalist on May 27, 2022.
             Succumbed to a kobold brigand's poison
             ... on level 3 of the Dungeon on Sept 7, 2022.
             The game lasted 00:18:58 (4334 turns).

Gentlefood the Digger (Formicid Earth Elementalist) Turns: 4334, Time: 00:18:59

Health: -1/47      AC:  8    Str: 19    XL:     7   Next: 56%
Magic:  8/14       EV: 12    Int: 16    God:
Gold:   199        SH:  5    Dex: 11    Spells: 9/16 levels left

rFire   . . .      SeeInvis +    g - +0 spear
rCold   . . .      Faith    .    (no shield)
rNeg    . . .      Spirit   .    n - +3 leather armour
rPois   .          Reflect  +    (helmet unavailable)
rElec   .          Harm     .    (no cloak)
rCorr   .          Rampage  .    (no gloves)
Will    .....                    l - +1 pair of boots
Stlth   ++........               k - amulet of reflection
HPRegen 0.15/turn                p - +6 ring of strength
MPRegen 0.14/turn                (no ring)

@: lethally poisoned (-1 -> -8)
A: permanent stasis, dig shafts and tunnels, antennae 3, four strong arms
a: Dig, Shaft Self


You were on level 3 of the Dungeon.
You visited 1 branch of the dungeon, and saw 3 of its levels.

You collected 199 gold pieces.

Inventory:

Hand Weapons
 g - a +0 spear (weapon)
Missiles
 a - 36 stones
Armour
 l - a +1 pair of boots (worn)
 n - a +3 leather armour (worn)
Jewellery
 k - an amulet of reflection (around neck)
 p - a +6 ring of strength (left hand)
Wands
 q - a wand of paralysis (2)
Scrolls
 b - a scroll of amnesia
 d - a scroll of vulnerability
 f - a scroll of fear
Potions
 c - a potion of magic
 e - 2 potions of ambrosia
 h - a potion of curing {unknown}
 i - a potion of resistance
 j - 2 potions of lignification {unknown}
 m - a potion of attraction {unknown}
 o - 2 potions of flight {unknown}


   Skills:
 + Level 0.5 Fighting
 + Level 1.8 Polearms
 + Level 2.6 Armour
 + Level 2.2 Dodging
 + Level 3.2 Stealth
 + Level 0.3 Shields
 + Level 5.1 Spellcasting
 + Level 0.3 Necromancy
 + Level 1.1 Transmutations
 + Level 5.9 Earth Magic


You had 9 spell levels left.
You knew the following spells:

 Your Spells              Type           Power      Damage    Failure   Level
a - Sandblast             Erth           46%        2d11      1%          1
b - Passwall              Tmut/Erth      12%        N/A       6%          2
c - Stone Arrow           Conj/Erth      26%        3d8       16%         3
d - Necrotise             Necr           20%        1d5       16%         1

Your spell library contained the following spells:

 Spells                   Type           Power      Damage    Failure   Level
 Apportation              Tloc           8%         N/A       19%         1
 Summon Small Mammal      Summ           16%        N/A       19%         1
 Petrify                  Tmut/Erth      15%        N/A       38%         4


Dungeon Overview and Level Annotations

Branches:
Dungeon (3/15)

Altars:


Innate Abilities, Weirdness & Mutations

You cannot be hasted, slowed, berserked, paralysed or teleported.
You can dig through walls and to a lower floor.
You have a pair of large antennae on your head. (SInv)
Your four strong arms can wield two-handed weapons with a shield.


Message History

The kobold brigand throws a poisoned dart.
The poisoned dart barely misses you.
You feel sick.
You feel sick.
You feel sick.
You feel sick.
You feel sick.
The kobold brigand throws a poisoned dart.
You reflect the poisoned dart off an invisible shield around you!
The poisoned dart hits the kobold brigand!
The kobold brigand is poisoned.
You feel sick.
You feel sick.
You feel sick.
You are no longer poisoned.
The kobold throws a stone.
The stone misses you.
The kobold throws a stone.
The stone hits you but does no damage. The kobold hits you but does no damage.
You hit the kobold.
The kobold is severely wounded.
The kobold brigand throws a poisoned dart.
The poisoned dart closely misses you. The kobold hits you but does no damage.
You block the kobold's attack.
You completely miss the kobold.
The kobold is severely wounded.
The kobold brigand looks more healthy.
The kobold hits you but does no damage.
The kobold brigand throws a poisoned dart.
The poisoned dart hits you!
You are lethally poisoned!
The kobold hits you but does no damage.
You barely miss the kobold.
The kobold is severely wounded.
* * * LOW HITPOINT WARNING * * *
You feel very sick. The kobold hits you but does no damage.
You hit the kobold.
You kill the kobold!
* * * LOW HITPOINT WARNING * * *
You feel sick.
You die...

#.....# #.# ###†########.###
#####.###.# #.###...............
..........####.........####.....#
[..#.........#...{.K.#.# ##...##
...#..##..##.#.###K###.# ##.##
...#......##.#.# #.# #.# #.#
...#.###.###.#.# #.# #.# #.#
...#.#...# #.#.###.###.# ##'##
####.#.### #.#..@......# ##.†.##
#)#.# #.#....)....# ##.....# #
#...#####.#.###..##.###.......
####.........#.#.....#.##........
'...............).......'........
####...#######.#.....#.##...<....
# ##..# #.#.....#.###....... ##.#
#.#.....#.####.....# #.#
#.###.###K##.......#


There were no monsters in sight!

Vanquished Creatures
  Grinder (D:3)
  The ghost of Hubjo the Firebug, an amateur DEFE (D:3)
  Ijyb (D:3)
  Terence (D:2)
  Natasha (thrice) (D:2)
  Robin (D:2)
  5 adders
  2 worms
  3 dart slugs
  2 orcs (D:3)
  5 bats
  5 endoplasms
  2 giant cockroaches (D:1)
  8 goblins
  13 hobgoblins
  4 jackals (D:1)
  4 quokkas
  6 ball pythons
  A frilled lizard (D:2)
  10 kobolds
  10 rats
88 creatures vanquished.

Vanquished Creatures (collateral kills)
  A goblin (D:2)
1 creature vanquished.

Grand Total: 89 creatures vanquished

Notes
Turn   | Place    | Note
-------+----------+-------------------------------------------
     0 | D:1      | Gentlefood the Formicid Earth Elementalist began the quest
                  | for the Orb.
     0 | D:1      | Reached XP level 1. HP: 13/13 MP: 3/3
   105 | D:1      | Reached XP level 2. HP: 13/19 MP: 0/5
   304 | D:1      | Found a faded altar of an unknown god.
   630 | D:1      | Learned a level 2 spell: Passwall
   636 | D:1      | Reached XP level 3. HP: 24/24 MP: 2/6
  1772 | D:2      | Learned a level 3 spell: Stone Arrow
  1801 | D:2      | Reached XP level 4. HP: 30/30 MP: 5/7
  1846 | D:2      | Noticed Natasha
  1853 | D:2      | Killed Natasha
  1854 | D:2      | Reached skill level 1 in Armour
  2000 | D:2      | Learned a level 1 spell: Necrotise
  2015 | D:2      | Noticed Robin
  2155 | D:2      | Reached XP level 5. HP: 10/35 MP: 2/9
  2184 | D:2      | Killed Robin
  2441 | D:2      | Noticed Natasha
  2449 | D:2      | Killed Natasha
  2450 | D:2      | Reached skill level 1 in Polearms
  2643 | D:2      | Noticed Terence
  2673 | D:2      | Noticed Natasha
  2738 | D:2      | Killed Terence
  2994 | D:2      | Killed Natasha
  2995 | D:2      | Reached XP level 6. HP: 36/41 MP: 7/12
  3389 | D:3      | Noticed Grinder
  3409 | D:3      | Killed Grinder
  3410 | D:3      | Reached skill level 5 in Earth Magic
  3410 | D:3      | Reached XP level 7. HP: 23/47 MP: 6/14
  3719 | D:3      | Upgraded the game from 0.29-a0-490-g77b3608bb8 to
                  | 0.30-a0-54-g2e61a25929
  3985 | D:3      | Noticed Ijyb
  4014 | D:3      | Killed Ijyb
  4015 | D:3      | Reached skill level 5 in Spellcasting
  4280 | D:3      | Found a runed translucent gate.
  4281 | D:3      | Found a runed translucent gate.
  4282 | D:3      | Found a runed translucent gate.
  4282 | D:3      | Noticed Hubjo's ghost (amateur DEFE)
  4293 | D:3      | Killed Hubjo's ghost
  4333 | D:3      | HP: 1/47 [poisoned by a kobold brigand]
  4334 | D:3      | Succumbed to a kobold brigand's poison

Illustrated notes

Levels and vault maps discovered:
D:1:      dpeg_arrival_rooms_a, layout_loops_ring,
          shapermc_ecumenical_altar_flowoftime
D:2:      layout_basic, uniq_robin, uniq_natasha, uniq_terence
D:3:      layout_loops_corners, gammafunk_ghost_nasty_kobolds, uniq_grinder,
          uniq_ijyb

Skill      XL: |  1  2  3  4  5  6  7 |
---------------+----------------------+-----
Earth Magic    | 4 5 |  5.9
Stealth        | 3 |  3.2
Armour         | 1 2 |  2.6
Spellcasting   | 3 4 5 |  5.1
Polearms       | 1 |  1.8
Dodging        | 2 |  2.2
Fighting       | |  0.5
Shields        | |  0.3
Necromancy     | |  0.3
Transmutations | |  1.1

Action                   |  1- 3 |  4- 6 |  7- 9 || total
-------------------------+-------+-------+-------++-------
Melee: Spear             |    32 |    49 |    78 ||   159
       Unarmed           |     1 |       |       ||     1
       Punch             |     2 |       |       ||     2
 Cast: Sandblast         |    40 |    66 |     7 ||   113
       Necrotise         |       |    10 |       ||    10
       Stone Arrow       |       |       |     2 ||     2
  Use: Scroll            |     5 |     1 |       ||     6
 Stab: Sleeping          |       |       |     2 ||     2
Armor: Leather armour    |    13 |    61 |    21 ||    95
       Robe              |     1 |       |       ||     1
Dodge: Dodged            |    30 |    70 |    49 ||   149
Block: Other             |       |       |    23 ||    23
       Reflection        |       |       |     5 ||     5

Table legend: (Time is in decaauts)
 A = Elapsed time spent in this place.
 B = Non-inter-level travel time spent in this place.
 C = Inter-level travel time spent in this place.
 D = Time resting spent in this place.
 E = Time spent auto-exploring this place.
 F = Levels seen in this place.
 G = Mean time per level.
                   A        B        C        D        E       F      G
               +--------+--------+--------+--------+--------+-----+--------+
         Total |   4345 |   4244 |    101 |      0 |   2123 |   3 | 1448.3 |
       Dungeon |   4345 |   4244 |    101 |      0 |   2123 |   3 | 1448.3 |
               +--------+--------+--------+--------+--------+-----+--------+

Top non-repeatable levels by time:
     D:2: 1728 daAuts
     D:1: 1654 daAuts
     D:3: 962 daAuts
